 Dungeon Crawl Stone Soup version 0.20.1-1-g8b1a95d (webtiles) character file.

3661 letownia2 the Reanimator (level 9, -8/76 (79) HPs)
             Began as a Deep Dwarf Necromancer on Nov 28, 2017.
             Was an Initiate of Gozag.
             Mangled by a troll (9 damage)
             ... on level 9 of the Dungeon.
             The game lasted 00:23:06 (8543 turns).

letownia2 the Reanimator (Deep Dwarf Necromancer)   Turns: 8543, Time: 00:23:07

HP:   -8/76 (79)    AC: 12    Str: 14    XL:     9   Next: 89%
MP:   5/22          EV: 11    Int: 17    God:    Gozag
Gold: 885           SH:  0    Dex: 13    Spells: 22/26 levels left

rFire    . . .     SeeInvis .   a - +0 dagger (elec)
rCold    + . .     Gourm    .   (no shield)
rNeg     . . .     Faith    .   v - +0 ring mail
rPois    .         Spirit   .   N - +0 hat
rElec    .         Reflect  .   O - +0 cloak
rCorr    +         Harm     .   R - +2 pair of gloves
MR       +....                  w - +2 pair of boots
Stlth    +.........             (no amulet)
Regen    0.0/turn               k - ring of resist corrosion
MPRegen  0.2/turn               C - ring of protection from cold

@: non-regenerating, drained
A: damage resistance, heal wounds, sense surroundings 2, no regeneration
a: Heal Wounds, Potion Petition, Call Merchant, Bribe Branch, Renounce Religion


You were on level 9 of the Dungeon.
You worshipped Gozag.
Gozag was pleased with you.
You were not hungry.

You visited 1 branch of the dungeon, and saw 9 of its levels.

You collected 1508 gold pieces.
You paid 623 gold pieces to Gozag.

Inventory:

Hand Weapons
 a - a +0 dagger of electrocution (weapon)
 b - a +1 flail of draining
 l - a +0 short sword
 n - a +0 hand axe
 E - a +0 mace of crushing
 S - a +2 dagger of speed
 U - a +0 whip of holy wrath
Missiles
 r - 2 curare-tipped needles
 T - a throwing net (quivered)
Armour
 j - a +0 scale mail
 m - a +0 leather armour
 v - a +0 ring mail (worn)
 w - a +2 pair of boots (worn)
 N - a +0 hat (worn)
 O - a +0 cloak (worn)
 R - a +2 pair of gloves (worn)
Jewellery
 k - a ring of resist corrosion (left hand)
 C - a ring of protection from cold (right hand)
Wands
 x - a wand of random effects (6/48)
 F - a wand of acid (8/15)
 K - a wand of polymorph (12/24)
 P - a wand of confusion (31/48)
Scrolls
 g - 2 scrolls of teleportation {unknown}
 i - a scroll of identify
 p - a scroll of fog {unknown}
 u - a scroll of remove curse
 y - 3 scrolls of recharging {unknown}
 A - 2 scrolls of amnesia {unknown}
 B - 2 scrolls of magic mapping {unknown}
 D - 3 scrolls of noise {unknown}
 I - a scroll of blinking {unknown}
 J - 2 scrolls of enchant weapon {unknown}
Potions
 e - 3 potions of berserk rage {unknown}
 h - 2 potions of heal wounds {unknown}
 q - 2 potions of ambrosia {unknown}
 s - 4 potions of curing {unknown}
 t - 2 potions of haste {unknown}
 z - a potion of resistance
 G - a potion of agility
 H - a potion of magic
Books
 L - a book of Necromancy

   Spells                             Type                      Level
   a - Pain                           Necromancy                   1
   b - Animate Skeleton               Necromancy                   1
   c - Vampiric Draining              Necromancy                   3
   d - Regeneration                   Charms/Necromancy            3
   e - Animate Dead                   Necromancy                   4
   f - Control Undead                 Necromancy                   4
 M - a book of Air

   Spells                             Type                      Level
   a - Shock                          Conjuration/Air              1
   b - Swiftness                      Charms/Air                   2
   c - Static Discharge               Conjuration/Air              3
   d - Airstrike                      Air                          4
   e - Lightning Bolt                 Conjuration/Air              5
 Q - a book of Debilitation

   Spells                             Type                      Level
   a - Corona                         Hexes                        1
   b - Slow                           Hexes                        2
   c - Inner Flame                    Hexes/Fire                   3
   d - Portal Projectile              Hexes/Translocation          3
   e - Cause Fear                     Hexes                        4
   f - Leda's Liquefaction            Hexes/Earth                  4
Miscellaneous
 o - a phial of floods
Comestibles
 c - 8 bread rations
 d - 2 royal jellies
 f - 7 fruits


   Skills:
 - Level 4.6(4.1) Fighting
 - Level 2.1(1.6) Dodging
 - Level 2.4(1.8) Stealth
 - Level 9.1(8.4) Spellcasting
 + Level 9.7(9.0) Necromancy


You had 22 spell levels left.
You knew the following spells:

 Your Spells              Type           Power        Failure   Level  Hunger
a - Pain                  Necr           ####         1%          1    None
v - Vampiric Draining     Necr           #####.....   1%          3    #......


Dungeon Overview and Level Annotations

Branches:
Dungeon (9/15)             Temple (0/1) D:7
   Lair: D:8-11         Orc: D:9-12

Altars:
Ashenzari
Cheibriados
Fedhas
Gozag
Hepliaklqana
Makhleb
Qazlal
Trog
Vehumet
Xom
Yredelemnul
The Shining One

Shops:
D:8 =

Annotations:
D:8 pstr's ghost, novice KoCj
D:9 1 exclusion, AdmiralAndromeda's ghost, novice TrBe


Innate Abilities, Weirdness & Mutations

You are resistant to damage.
You can heal yourself by infusing magical energy.
You passively map the area around you.
You do not regenerate.


Message History

You feel life coursing into your body. The troll bites you.
The troll claws you but does no damage. The troll claws you!
* * * LOW HITPOINT WARNING * * *
An orc priest comes into view.
Unknown command.
Unknown command.
Unknown command.
Casting: Vampiric Draining
Confirm with . or Enter, or press ? or * to list all spells.
Aiming: Vampiric Draining
Press: ? - help, Shift-Dir - straight line, f/p - troll
Aim: a troll (almost dead)
The troll is almost dead.
You feel life coursing into your body.
The orc priest invokes the aid of Beogh against you.
Beogh smites you!
* * * LOW HITPOINT WARNING * * *
The troll bites you!
You die...
Your body crumbles into a pile of gold.

* , * ** ..o# ,, , , ,
...#* *,,* , , ,, , * .o. *
*, , , * * ,.. ** * , ,,,
,* (# * * * +* ###.# *,, *
#.o.# * #.,* #T### ###+###
* ###.# ##@###### #...... *
......######.......#
#.).... *
..........##.......###
#..###............###......
..>.. *
####.......#...+......
,...z ,*
#.......#####...... ,...,
,* ####.#### #...... ..
#.## ##+#### ., #..## #..#


You could see a troll and 2 orc priests.

Vanquished Creatures
  Prince Ribbit (D:9)
  A spriggan (D:8)
  2 yaks (D:8)
  Edmund (D:5)
  2 orc warriors
  2 sky beasts
  2 centaurs
  A necrophage (D:7)
  2 ogres
  2 crocodiles
  2 bullfrogs
  3 big kobolds
  A wyvern zombie (D:7)
  3 scorpions
  5 killer bees (D:9)
  2 wights (D:9)
  4 orc priests
  3 hounds
  A bullfrog skeleton (D:4)
  2 centaur skeletons
  A bullfrog zombie (D:4)
  A gnoll shaman (D:8)
  Jessica (D:3)
  3 iguanas
  Terence (D:2)
  Natasha (thrice) (D:2 D:3)
  5 orc wizards
  2 worker ants
  A hound zombie (D:5)
  A howler monkey zombie (D:4)
  A worker ant zombie (D:4)
  12 gnolls
  11 adders
  A shadow imp (D:4)
  An adder zombie (D:4)
  An adder skeleton (D:5)
  A worm (D:2)
  2 dart slugs
  6 leopard geckos
  15 orcs
  4 giant cockroaches
  7 goblins
  9 hobgoblins
  9 jackals
  5 quokkas
  A ball python (D:2)
  A ball python skeleton (D:4)
  3 bats
  6 frilled lizards
  A giant cockroach zombie (D:4)
  2 jackal zombies (D:4)
  16 kobolds
  A leopard gecko skeleton (D:4)
  2 leopard gecko zombies
  2 quokka skeletons (D:4)
  4 rats
185 creatures vanquished.

Notes
Turn   | Place    | Note
-------+----------+-------------------------------------------
     0 | D:1      | letownia2 the Deep Dwarf Necromancer began the quest for the Orb.
     0 | D:1      | Reached XP level 1. HP: 15/15 MP: 3/3
   397 | D:2      | Reached XP level 2. HP: 20/22 MP: 0/5
   589 | D:2      | Noticed Terence
   594 | D:2      | Killed Terence
   594 | D:2      | Reached skill level 5 in Necromancy
   594 | D:2      | Reached XP level 3. HP: 26/28 MP: 1/6
   764 | D:4      | Found a blossoming altar of Fedhas.
   876 | D:4      | Reached XP level 4. HP: 33/36 MP: 0/7
  1016 | D:4      | Found a bloodstained altar of Trog.
  1122 | D:4      | Found a radiant altar of Vehumet.
  1153 | D:4      | Noticed a crocodile
  1182 | D:4      | Learned a level 3 spell: Vampiric Draining
  1232 | D:4      | Found an opulent altar of Gozag.
  1233 | D:4      | Found a glowing golden altar of the Shining One.
  1239 | D:4      | Became a worshipper of Gozag Ym Sagoz the Greedy
  1414 | D:3      | Noticed a big kobold
  1463 | D:3      | Killed a big kobold
  1463 | D:3      | Reached XP level 5. HP: 14/42 MP: 0/9
  1609 | D:3      | Found a burning altar of Makhleb.
  1615 | D:3      | Found a shattered altar of Ashenzari.
  1880 | D:3      | Reached XP level 6. HP: 29/49 MP: 0/10
  2244 | D:3      | Noticed Jessica
  2248 | D:3      | Killed Jessica
  3788 | D:2      | Noticed Natasha
  3791 | D:2      | Killed Natasha
  3791 | D:2      | Reached skill level 1 in Fighting
  4025 | D:2      | Noticed Natasha
  4029 | D:2      | Killed Natasha
  4043 | D:2      | Noticed Natasha
  4071 | D:3      | Killed Natasha
  4164 | D:5      | Entered Level 5 of the Dungeon
  4164 | D:5      | Found a blossoming altar of Fedhas.
  4363 | D:4      | Reached XP level 7. HP: 49/58 MP: 5/11
  4618 | D:4      | Found a stormy altar of Qazlal.
  5031 | D:5      | Reached skill level 5 in Spellcasting
  5097 | D:5      | Found a shimmering altar of Xom.
  5138 | D:5      | Noticed Edmund
  5474 | D:5      | Killed Edmund
  5474 | D:5      | Reached XP level 8. HP: 62/67 MP: 1/16
  5535 | D:6      | Found a snail-covered altar of Cheibriados.
  5898 | D:7      | Found a staircase to the Ecumenical Temple.
  6681 | D:8      | Found a hazy altar of Hepliaklqana.
  6682 | D:8      | Noticed a two-headed ogre
  6721 | D:7      | Gained mutation: You passively map the area around you. [Deep Dwarf growth]
  6721 | D:7      | Reached XP level 9. HP: 65/70 MP: 4/21
  7420 | D:8      | Noticed a two-headed ogre
  7506 | D:8      | Noticed a two-headed ogre
  7646 | D:8      | Noticed pstr's ghost (novice KoCj)
  7754 | D:9      | Found a basalt altar of Yredelemnul.
  7793 | D:9      | Noticed AdmiralAndromeda's ghost (novice TrBe)
  8001 | D:9      | Noticed Prince Ribbit
  8007 | D:9      | Killed Prince Ribbit
  8406 | D:9      | Noticed a troll
  8543 | D:9      | HP: 1/76 [orc priest/divine providence (11)]
  8543 | D:9      | Mangled by a troll

Skill      XL: |  1  2  3  4  5  6  7  8  9 |
---------------+----------------------------+-----
Spellcasting   | 2 3 5 8 9 |  9.1
Necromancy     | 5 6 7 8 9 |  9.7
Fighting       | 1 2 4 |  4.6
Dodging        | |  2.1
Stealth        | |  2.4

Action                   |  1- 3 |  4- 6 |  7- 9 || total
-------------------------+-------+-------+-------++-------
Melee: Hand axe          |       |    24 |       ||    24
       Dagger            |       |    20 |   208 ||   228
       Mace              |       |       |    52 ||    52
       Flail             |       |       |     3 ||     3
 Cast: Pain              |    37 |   113 |   135 ||   285
       Vampiric Draining |       |     9 |    98 ||   107
Invok: Call Merchant     |       |       |     1 ||     1
Evoke: Wand              |       |       |    21 ||    21
  Use: Scroll            |       |     2 |     5 ||     7
 Stab: Distracted        |       |       |     1 ||     1
  Eat: Meat ration       |       |     2 |     2 ||     4
       Chunk             |       |     1 |       ||     1
       Bread ration      |       |       |     1 ||     1
       Royal jelly       |       |       |     1 ||     1
Armor: Leather armour    |     1 |     8 |       ||     9
       Ring mail         |       |    17 |   164 ||   181
Dodge: Dodged            |     5 |    51 |   242 ||   298
